 Dungeon Crawl Stone Soup version 0.17-a0-1887-g3e50df6 (webtiles) character file.

233 barthelm the Cutter (level 6, -3/40 HPs)
             Began as a Kobold Berserker on Sept 23, 2015.
             Was a Priest of Trog.
             Slain by kae's ghost (8 damage)
             ... on level 4 of the Dungeon.
             The game lasted 00:09:24 (2486 turns).

barthelm the Cutter (Kobold Berserker)              Turns: 2486, Time: 00:09:24

Health: -3/40      AC:  2    Str: 18    XL:     6   Next: 26%
Magic:  6/6        EV: 15    Int:  5    God:    Trog [***...]
Gold:   181        SH:  0    Dex: 15    Spells: 0 memorised, 5 levels left

rFire  . . .     SeeInvis .     a - +0 short sword
rCold  . . .     Clarity  .     b - +0 animal skin
rNeg   . . .     SustAt   .     (shield restricted)
rPois  .         Gourm    .     (no helmet)
rElec  .         Spirit   .     (no cloak)
rCorr  .         Warding  .     (no gloves)
rMut   .         Stasis   .     (no boots)
MR     .....                    (no amulet)
Stlth  +.........               (no ring)
                                (no ring)

@: exhausted, slowed, very slow, not resistant to hostile enchantments, very
unstealthy
A: carnivore 3
a: Burn Spellbooks, Berserk, Trog's Hand, Renounce Religion


You were on level 4 of the Dungeon.
You worshipped Trog.
Trog was most pleased with you.
You were full.

You visited 1 branch of the dungeon, and saw 4 of its levels.

You collected 181 gold pieces.

Inventory:

Hand weapons
 a - a +0 short sword (weapon)
Armour
 b - a +0 animal skin (worn)
 k - a +0 leather armour
Scrolls
 d - a scroll of fear {unknown}
 e - a scroll of teleportation {unknown}
 h - a scroll of enchant weapon {unknown}
 j - a scroll of enchant armour {unknown}
 m - a scroll of immolation {unknown}
 n - 2 scrolls of identify {unknown}
 p - 2 scrolls of recharging {unknown}
 q - a scroll of remove curse {unknown}
 s - 3 scrolls of amnesia {unknown}
Potions
 f - 3 potions of curing {unknown}
 g - 2 potions of flight {unknown}
 i - 2 potions of brilliance {unknown}
 l - a potion of might {unknown}
 o - 2 potions of invisibility {unknown}
 r - a potion of cure mutation {unknown}
 t - a potion of agility {unknown}
 v - a potion of heal wounds {unknown}
Comestibles
 c - 3 meat rations


   Skills:
 + Level 5.3 Fighting
 + Level 6.9 Short Blades
 - Level 1.5 Armour
 - Level 2.4 Dodging


You had 5 spell levels left.
You didn't know any spells.

Dungeon Overview and Level Annotations

Branches:
Dungeon (4/15)
 Temple: D:4-7

Altars:
Trog
Yredelemnul

Annotations:
D:4 Sigmund; kae's ghost, average HEHu


Innate Abilities, Weirdness & Mutations

You are small and have problems with some larger weapons.
You are carnivorous and can eat meat at any time.


Message History

Deactivating autopickup; reactivate with Ctrl-A.
No target in view!
No target in view!
No target in view!
No target in view!
You miss something. Something hits you.
You miss something.
Kae's ghost (average High Elf Hunter) comes into view.
You miss something.
Kae's ghost turns its malevolent gaze towards you.
Something closely misses you.
You miss something.
You hear some strange, mumbled words.
A puff of flame appears from out of thin air!
The puff of flame misses you.
You hit something. Something hits you.
You hit something but do no damage. Something hits you!
* * * LOW HITPOINT WARNING * * *
You hit something but do no damage. Kae's ghost hits you!
You die...

=. . .## #.# ..# #
#####.#### # #.#(#
#........## #.###.#.#
#.#.......# #.....{.#
#.#.#.##..# ##.@#
#.#.#.#...#
..####..W######.........#
..'......................
.###..!....###..##.....#
#.#..##.# #.....<.(.#
#.##.##.# ##.##..##.# #
#....# #.###.##.# ###..#
#.# #.##.# #..# #.#
#.##.#


You could see kae's ghost.

Vanquished Creatures
  An orc wizard (D:3)
  An orc priest (D:3)
  A worker ant (D:4)
  6 adders
  An ooze (D:2)
  4 giant geckos
  11 orcs (D:3)
  7 bats
  3 giant cockroaches
  4 hobgoblins
  12 jackals
  2 quokkas (D:3)
  2 ball pythons
  5 giant newts
  7 goblins
  10 kobolds
  16 rats
93 creatures vanquished.

Notes
Turn   | Place    | Note
--------------------------------------------------------------
     0 | D:1      | barthelm the Kobold Berserker began the quest for the Orb.
     0 | D:1      | Reached XP level 1. HP: 14/14 MP: 1/1
   212 | D:1      | Reached XP level 2. HP: 14/19 MP: 2/2
   653 | D:1      | Acquired Trog's second power
   653 | D:1      | Reached XP level 3. HP: 22/24 MP: 3/3
   921 | D:2      | Reached skill level 5 in Short Blades
  1082 | D:2      | Reached XP level 4. HP: 21/29 MP: 4/4
  1426 | D:3      | Reached XP level 5. HP: 34/34 MP: 5/5
  1484 | D:3      | Reached skill level 6 in Short Blades
  1715 | D:3      | Found a bloodstained altar of Trog.
  1715 | D:3      | Found a basalt altar of Yredelemnul.
  1852 | D:3      | Reached skill level 5 in Fighting
  1859 | D:3      | Reached XP level 6. HP: 40/40 MP: 6/6
  1941 | D:3      | Received a gift from Trog
  2473 | D:4      | Noticed Sigmund
  2482 | D:4      | Noticed kae's ghost (average HEHu)
  2486 | D:4      | Slain by kae's ghost

Vault maps used:
D:1:      dpeg_arrival_arbitrary_a, solitary_fountain, minmay_misc_feat_rows,
          minmay_misc_feat_nine_boxes, minivault_4, minmay_crystal_water
D:2:      minmay_misc_feat_pillars
D:3:      kennysheep_six_static_rooms, gammafunk_temple_overflow_elements
D:4:      kennysheep_generic_room_14, uniq_crazy_yiuf_cottage, uniq_edmund,
          uniq_sigmund

Action                   |  1- 3 |  4- 6 || total
-------------------------+-------+-------++-------
Melee: Short sword       |   114 |   180 ||   294
Invok: Berserk           |     3 |     6 ||     9
       Trog's Hand       |       |     1 ||     1
 Stab: Sleeping          |       |     2 ||     2
  Eat: Chunk             |    11 |     9 ||    20
